 Dungeon Crawl Stone Soup version 0.23-a0-690-g0a1fc62 (webtiles) character file.

11671 galech the Cleaver (level 11, -9/86 HPs)
             Began as a Demonspawn Fighter on Jan 10, 2019.
             Was a High Priest of Okawaru.
             Mangled by a skeletal warrior
             ... wielding a +0 hand axe
             ... led by a skeletal warrior
              (12 damage)
             ... on level 11 of the Dungeon on Jan 11, 2019.
             The game lasted 00:16:53 (10989 turns).

galech the Cleaver (Demonspawn Fighter)            Turns: 10989, Time: 00:16:54

Health: -9/86      AC: 16    Str: 17    XL:     11   Next: 52%
Magic:  0/20       EV:  9    Int: 10    God:    Okawaru [*****.]
Gold:   988        SH: 23    Dex: 15    Spells: 10/10 levels left

rFire    . . .     SeeInvis .   a - +0 war axe
rCold    . . .     Gourm    .   c - +0 shield
rNeg     . . .     Faith    .   G - +0 plate armour
rPois    .         Spirit   +   B - +0 hat {MR+}
rElec    .         Reflect  +   (no cloak)
rCorr    .         Harm     .   L - +0 pair of gloves
MR       +....                  (no boots)
Stlth    ..........             w - +4 amulet of reflection
HPRegen  0.24/turn              g - ring of magical power
MPRegen  0.17/turn              C - +1 ring of slaying

@: heroism
A: talons 1, large bone plates 2, spiny 2, magic shield
a: Heroism, Finesse, Renounce Religion


You were on level 11 of the Dungeon.
You worshipped Okawaru.
Okawaru was extremely pleased with you.
You were not hungry.

You visited 2 branches of the dungeon, and saw 13 of its levels.
You also visited: Ossuary.

You collected 988 gold pieces.

Inventory:

Hand Weapons
 a - a +0 war axe (weapon)
 x - the +3 dagger of Desperation {pierce, *Rage rF+ rN+ Str+8 Dex-3}
   (You found it on level 5 of the Dungeon)

   It inflicts extra damage upon your enemies.
   It affects your strength (+8).
   It affects your dexterity (-3).
   It protects you from fire.
   It protects you from negative energy.
   It may make you go berserk in combat.
 F - a +1 hand axe of draining
Armour
 c - a +0 shield (worn)
 B - a +0 hat of magic resistance (worn)
 G - a +0 plate armour (worn)
 H - a +0 helmet
 L - a +0 pair of gloves (worn)
Jewellery
 d - an uncursed ring of flight
 g - a ring of magical power (left hand)
 w - a +4 amulet of reflection (around neck)
 C - a +1 ring of slaying (right hand)
 J - an uncursed amulet of guardian spirit {unknown}
 K - an uncursed ring of protection from cold {unknown}
Wands
 o - a wand of flame (29)
 s - a wand of random effects (26)
 y - a wand of polymorph (8)
 I - a wand of paralysis (15)
 M - a wand of iceblast (6)
Scrolls
 h - 10 scrolls of remove curse
 j - 4 scrolls of fog
 k - a scroll of identify
 l - 2 scrolls of enchant weapon
 n - 3 scrolls of teleportation
 p - 2 scrolls of noise
 q - 2 scrolls of magic mapping
 v - a scroll of random uselessness
 E - 2 scrolls of immolation
Potions
 b - a potion of magic
 e - a potion of lignification
 i - a potion of flight {unknown}
 m - 6 potions of heal wounds {unknown}
 r - a potion of resistance {unknown}
 u - 3 potions of haste {unknown}
 z - a potion of cancellation {unknown}
 A - 2 potions of degeneration {unknown}
 D - a potion of agility {unknown}
 N - 2 potions of might
 O - a potion of ambrosia {unknown}
Comestibles
 f - 28 rations
 t - 7 chunks of flesh


   Skills:
 + Level 8.2(13.2) Fighting
 + Level 10.9(15.9) Axes
 + Level 6.1(11.1) Armour
 + Level 2.5(7.5) Dodging
 + Level 1.0(6.0) Stealth
 + Level 9.5(14.5) Shields
 + Level 1.0 Invocations


You had 10 spell levels left.
You didn't know any spells.
Your spell library contained the following spells:

 Spells                   Type           Power        Failure   Level  Hunger
 Apportation              Tloc           #.....       100%        1    ##.....
 Freeze                   Ice            #...         100%        1    ##.....
 Summon Butterflies       Summ           #.......     100%        1    ##.....
 Throw Frost              Conj/Ice       #.....       100%        2    ###....
 Lesser Beckoning         Tloc           #.........   100%        3    ####...
 Ozocubu's Armour         Chrm/Ice       #.......     100%        3    ####...
 Tukima's Dance           Hex            #.......     100%        3    ####...
 Summon Ice Beast         Ice/Summ       #.......     100%        4    #####..
 Throw Icicle             Conj/Ice       #.......     100%        4    #####..
 Alistair's Intoxication  Tmut/Pois      #.......     100%        5    ######.
 Invisibility             Hex            #.......     100%        6    #######


Dungeon Overview and Level Annotations

Branches:
Dungeon (12/15)            Temple (1/1) D:6            Lair (0/6) D:10
    Orc (0/2) D:11

Altars:
Ashenzari
Cheibriados
Dithmenos
Elyvilon
Fedhas
Gozag
Kikubaaqudgha
Makhleb
Nemelex Xobeh
Okawaru
Qazlal
Ru
Sif Muna
Trog
Uskayaw
Vehumet
Wu Jian
Xom
Yredelemnul
Zin
The Shining One
Beogh

Shops:
D:4 [   D:5 }

Annotations:
D:10 exclusion: ice statue


Innate Abilities, Weirdness & Mutations

You have sharp toenails.
You are mostly covered in large bone plates. (SH +6)
You are mostly covered in sharp spines.
When hurt, damage is shared between your health and your magic reserves.


Message History

You slash the white ugly thing!
You block the white ugly thing's attack.
You hit the skeletal warrior.
You claw the skeletal warrior, but do no damage.
The skeletal warrior is severely damaged.
You hit the skeletal warrior but do no damage.
You hit the white ugly thing.
You block the skeletal warrior's attack.
The skeletal warrior barely misses you.
Some of the chunks of flesh in your inventory have rotted away.
You hit the skeletal warrior but do no damage.
You claw the skeletal warrior, but do no damage.
The skeletal warrior is severely damaged.
Your plate armour prevents you from hitting the skeletal warrior.
You closely miss the white ugly thing. The white ugly thing headbutts you.
* * * LOW HITPOINT WARNING * * *
The white ugly thing freezes you!!
* * * LOW HITPOINT WARNING * * *
The skeletal warrior hits you with a +0 hand axe!
You die...

.....### ##........###......
#.....### #####........#.#......
#.....#.# #.#...................
#..#....## #..........##..#......
#.##.#...###..........###.#......
#.#####................##...#....
#....#....>(.(........###...##...
#.##............(u...## #...##.##
..#.............@z..## ##.###..##
..##...........z....# #..###..#
#####...............# ##...##..##
#..#............###...##.....
#..#####........#...###......
###..........<.......###.......
#....#............##...........
#....#.#..##...#####...##..<...
#......#####...######..##......


You could see a white ugly thing and 2 skeletal warriors.

Vanquished Creatures
  A two-headed ogre (D:10)
  The ghost of Megalobster the Cleaver, a novice HOFi of Trog (D:5)
  Joseph (D:8)
  Prince Ribbit (D:5)
  A queen bee (D:11)
  Grinder (D:5)
  2 trolls (D:9)
  3 hornets (D:8)
  3 yaks (D:11)
  A wyvern (D:9)
  Eustachio (D:4)
  A water moccasin (D:7)
  4 ice beasts
  5 orc warriors
  2 sky beasts
  A phantom (D:6)
  2 necrophages
  4 ogres
  9 centaurs
  A crocodile (D:10)
  A big kobold (D:11)
  Blork the orc (D:6)
  9 bullfrogs
  3 scorpions
  26 killer bees (D:11)
  6 howler monkeys
  9 wights
  A bullfrog zombie (D:5)
  8 crimson imps
  A human zombie (Ossuary)
  2 quasits
  A centaur zombie (D:9)
  6 hounds
  2 jellies
  12 orc priests
  9 orc wizards
  3 bullfrog skeletons
  A centaur skeleton (D:7)
  2 gnoll shamans (D:5)
  3 iguanas
  9 worker ants
  Natasha (twice) (D:4)
  2 big kobold zombies (Ossuary)
  A hound zombie (D:7)
  2 mummies (Ossuary)
  A worker ant zombie (D:10)
  42 gnolls
  A howler monkey skeleton (D:8)
  8 adders
  A shadow imp (D:6)
  A white imp (D:11)
  2 oozes
  2 worms
  4 dart slugs
  3 leopard geckos
  26 orcs
  A ball python (D:3)
  3 giant cockroaches
  4 goblins (D:1)
  4 hobgoblins
  35 jackals
  12 kobolds
  6 quokkas
  8 bats
  3 frilled lizards
  3 gnoll zombies (Ossuary)
  3 goblin zombies (Ossuary)
  2 hobgoblin zombies (Ossuary)
  A jackal skeleton (D:5)
  3 orc zombies (Ossuary)
  4 rats
350 creatures vanquished.

Vanquished Creatures (others)
  3 centaurs
  An orc (D:6)
  A kobold (D:11)
5 creatures vanquished.

Grand Total: 355 creatures vanquished

Notes
Turn   | Place    | Note
-------+----------+-------------------------------------------
     0 | D:1      | galech the Demonspawn Fighter began the quest for the Orb.
     0 | D:1      | Reached XP level 1. HP: 18/18 MP: 1/1
   112 | D:1      | Gained mutation: When hurt, damage is shared between your
                  | health and your magic reserves. [demonic ancestry]
   112 | D:1      | Reached XP level 2. HP: 16/24 MP: 2/2
   322 | D:1      | Reached skill level 2 in Axes
   599 | D:1      | Gained mutation: You have sharp toenails. [demonic
                  | ancestry]
   599 | D:1      | Reached XP level 3. HP: 27/29 MP: 3/3
   950 | D:2      | Gained mutation: You are partially covered in large bone
                  | plates. (SH +4) [demonic ancestry]
   950 | D:2      | Reached XP level 4. HP: 18/35 MP: 4/4
  1118 | D:2      | Found a stormy altar of Qazlal.
  1943 | D:3      | Found a shattered altar of Ashenzari.
  1961 | D:3      | Reached skill level 3 in Axes
  1989 | D:3      | Gained mutation: You are partially covered in sharp spines.
                  | [demonic ancestry]
  1989 | D:3      | Reached XP level 5. HP: 41/41 MP: 5/5
  2286 | D:4      | Found Xot Woum's Antique Armour Shop.
  2309 | D:4      | Noticed Natasha
  2311 | D:4      | Noticed Eustachio
  2315 | D:4      | Killed Natasha
  2337 | D:4      | Killed Eustachio
  2337 | D:4      | Reached skill level 1 in Dodging
  2337 | D:4      | Gained mutation: You are mostly covered in sharp spines.
                  | [demonic ancestry]
  2337 | D:4      | Reached XP level 6. HP: 9/48 MP: 4/6
  2512 | D:4      | Found a sand-covered staircase.
  2582 | Ossuary  | Entered an ossuary
  2619 | Ossuary  | Reached skill level 4 in Axes
  2801 | D:4      | Reached XP level 7. HP: 42/54 MP: 7/7
  2835 | D:4      | Found a sacrificial altar of Ru.
  2979 | D:4      | Reached skill level 5 in Axes
  3089 | D:4      | Noticed Natasha
  3100 | D:4      | Killed Natasha
  3151 | D:4      | Found a radiant altar of Vehumet.
  3385 | D:5      | Entered Level 5 of the Dungeon
  3406 | D:5      | Got a sapphire dagger
  3407 | D:5      | Identified the +3 dagger of Desperation {pierce, *Rage rF+
                  | rN+ Str+8 Dex-3} (You found it on level 5 of the Dungeon)
  3721 | D:5      | Noticed Prince Ribbit
  3726 | D:5      | Noticed Grinder
  3737 | D:5      | Killed Grinder
  3737 | D:5      | Reached XP level 8. HP: 42/61 MP: 8/8
  3743 | D:5      | Killed Prince Ribbit
  3743 | D:5      | Reached skill level 6 in Axes
  3743 | D:5      | Reached skill level 5 in Shields
  4001 | D:5      | Reached skill level 5 in Fighting
  4218 | D:5      | Reached skill level 7 in Axes
  4694 | D:5      | Reached XP level 9. HP: 68/68 MP: 9/9
  4721 | D:5      | Found a runed gate.
  4722 | D:5      | Found a runed gate.
  4723 | D:5      | Found a runed gate.
  4733 | D:5      | Noticed Megalobster's ghost (novice HOFi)
  4816 | D:5      | Found Naukhlooj's Gadget Shoppe.
  4913 | D:5      | Found a deep blue altar of Sif Muna.
  4914 | D:5      | Found a shimmering altar of Xom.
  5005 | D:5      | Found a roughly hewn altar of Beogh.
  5056 | D:6      | Noticed Blork the orc
  5070 | D:6      | Killed Blork the orc
  5149 | D:6      | Reached skill level 5 in Armour
  5161 | D:6      | Found a white marble altar of Elyvilon.
  5236 | D:6      | Found a staircase to the Ecumenical Temple.
  5248 | Temple   | Entered the Ecumenical Temple
  5327 | Temple   | Became a worshipper of Warmaster Okawaru
  5885 | D:7      | Reached skill level 8 in Axes
  6388 | D:7      | Reached * piety under Okawaru
  6701 | D:7      | Found a sparkling altar of Nemelex Xobeh.
  6914 | D:8      | Noticed Joseph
  6929 | D:8      | Killed Joseph
  7051 | D:8      | Found an ancient bone altar of Kikubaaqudgha.
  7176 | D:8      | Reached ** piety under Okawaru
  7176 | D:8      | Reached XP level 10. HP: 47/77 MP: 10/10
  7191 | D:8      | Reached skill level 1 in Stealth
  7503 | D:7      | Found a radiant altar of Vehumet.
  7646 | D:8      | Got an encrusted cloak
  7652 | D:8      | Identified the -5 cloak of the Game Afoot {+Inv rPois MR-
                  | Regen+} (You found it on level 8 of the Dungeon)
  7890 | D:5      | Killed Megalobster's ghost
  7890 | D:5      | Reached skill level 9 in Axes
  8163 | D:5      | Upgraded the game from 0.23-a0-681-g26ad783 to
                  | 0.23-a0-690-g0a1fc62
  8276 | D:9      | Reached *** piety under Okawaru
  8515 | D:9      | Reached skill level 10 in Axes
  9145 | D:10     | Entered Level 10 of the Dungeon
  9245 | D:10     | Noticed an ice statue
  9333 | D:10     | Found a staircase to the Lair.
  9344 | D:10     | Reached **** piety under Okawaru
  9591 | D:10     | Noticed a two-headed ogre
  9606 | D:10     | Killed a two-headed ogre
  9606 | D:10     | Reached skill level 1 in Invocations
  9606 | D:10     | Gained mutation: You are mostly covered in large bone
                  | plates. (SH +6) [demonic ancestry]
  9606 | D:10     | Reached XP level 11. HP: 20/84 MP: 4/11
 10032 | D:11     | Found a staircase to the Orcish Mines.
 10288 | D:11     | Reached ***** piety under Okawaru
 10960 | D:12     | Noticed a skeletal warrior
 10960 | D:12     | Noticed a skeletal warrior
 10960 | D:12     | Noticed a skeletal warrior
 10960 | D:12     | Noticed a skeletal warrior
 10977 | D:11     | Noticed a white ugly thing
 10989 | D:11     | HP: 3/86 [white ugly thing (19)]
 10989 | D:11     | Mangled by a skeletal warrior

Vault maps used:
D:1:      dpeg_arrival_signposts
D:2:      nicolae_qazlal_general_emergency
D:3:      cheibrodos_ashenzari_chains
D:4:      minmay_general_purpose_star, vehumet_crystals, hangedman_ru_absence,
          enter_ossuary_1, serial_shops, shop, first_ration, uniq_eustachio,
          uniq_natasha
D:5:      lemuel_castle_with_subvaults, gammafunk_temple_overflow_statue,
          serial_shops, kennysheep_mini, biasface_ghost_orc_armoury,
          hangedman_decor_diamond_cutter, uniq_prince_ribbit1, uniq_grinder
D:6:      lemuel_round_altar, minmay_temple_entry_mist,
          kennysheep_generic_room_12, uniq_blork_the_orc
D:7:      lemuel_upstairs_altar, basic_altar
D:8:      kennysheep_little_box, hangedman_pestilent_swarm, uniq_joseph
D:9:      serial_aquarium, aquarium_bridge_long_joined, aquarium_bridge_square,
          aquarium_window_fake, aquarium_window_2, aquarium_view_2b,
          aquarium_balcony_3a
D:10:     cheibrodos_frozen_isle
D:11:     orc_0_dummy, special_room, minmay_fire_ice_demons
D:12:     stair_cage_line, kennysheep_small_spiral, hangedman_decor_peaks_small,
          uniq_urug, uniq_snorg, uniq_frances
Temple:   nicolae_temple_elliptical
Ossuary:  minmay_ossuary_gauntlet

Skill      XL: |  1  2  3  4  5  6  7  8  9 10 11 |
---------------+----------------------------------+-----
Armour         | 3 4 5 6 |  6.1
Axes           | 2 3 4 5 7 8 10 | 10.9
Shields        | 3 4 5 7 8 9 |  9.5
Dodging        | 1 2 |  2.5
Fighting       | 4 5 6 7 8 |  8.2
Stealth        | 1 |  1.0
Invocations    | 1 |  1.0

Action                   |  1- 3 |  4- 6 |  7- 9 | 10-12 || total
-------------------------+-------+-------+-------+-------++-------
Melee: War axe           |   103 |   133 |   422 |   397 ||  1055
       Kick              |     6 |    34 |   116 |   122 ||   278
Invok: Heroism           |       |       |     1 |     9 ||    10
  Use: Potion            |       |       |     2 |     3 ||     5
       Scroll            |       |       |    10 |       ||    10
 Stab: Held in net/web   |       |       |     1 |       ||     1
  Eat: Chunk             |       |     5 |    16 |    13 ||    34
Armor: Scale mail        |    65 |    46 |    38 |       ||   149
       Plate armour      |       |       |    59 |   114 ||   173
Dodge: Dodged            |    27 |    39 |    69 |    69 ||   204
Block: Shield            |    51 |   114 |   404 |   502 ||  1071
       Reflection        |       |       |    15 |    29 ||    44

Table legend:
 A = Non-vault XP
 B = Vault XP
 C = Vault XP percentage of total XP
 D = Non-vault monster count
 E = Vault monster count
 F = Vault count percentage of total count
                 A         B        C        D         E       F
            +---------+---------+-------+---------+---------+-------
      Total |   10611 |    6062 |  36.4 |     236 |     118 |  33.3
            +---------+---------+-------+---------+---------+-------
        D:1 |      57 |       0 |   0.0 |      29 |       0 |   0.0
        D:2 |      68 |       0 |   0.0 |      10 |       0 |   0.0
        D:3 |      74 |       0 |   0.0 |      17 |       0 |   0.0
        D:4 |     251 |     369 |  59.5 |       7 |       4 |  36.4
        D:5 |     658 |    2371 |  78.3 |      19 |      66 |  77.6
        D:6 |     857 |      90 |   9.5 |      21 |       1 |   4.5
        D:7 |     729 |       0 |   0.0 |      17 |       0 |   0.0
        D:8 |     502 |    1298 |  72.1 |      14 |       5 |  26.3
        D:9 |    2331 |       0 |   0.0 |      41 |       0 |   0.0
       D:10 |    2381 |       0 |   0.0 |      25 |       0 |   0.0
       D:11 |    2703 |    1787 |  39.8 |      36 |      26 |  41.9
    Ossuary |       0 |     147 | 100.0 |       0 |      16 | 100.0
            +---------+---------+-------+---------+---------+-------
